 Dungeon Crawl Stone Soup version 0.24.0-2-g5b39cebb1c (webtiles) character file.

Game seed: 6268858886437071691, levelgen mode: deterministic

177 Gumption the Vexing (level 5, -2/24 HPs)
             Began as a Spriggan Enchanter on Oct 29, 2019.
             Slain by an ogre
             ... wielding a +0 giant spiked club
              (26 damage)
             ... on level 3 of the Dungeon.
             The game lasted 00:40:09 (5544 turns).

Gumption the Vexing (Spriggan Enchanter)            Turns: 5544, Time: 00:40:09

Health: -2/24      AC:  3    Str:  4    XL:     5   Next: 31%
Magic:  6/12       EV: 18    Int: 17    God:
Gold:   104        SH:  0    Dex: 17    Spells: 6/12 levels left

rFire    . . .     SeeInvis +   a - +2 dagger
rCold    . . .     Gourm    .   (shield restricted)
rNeg     . . .     Faith    .   b - +1 robe
rPois    .         Spirit   .   (helmet restricted)
rElec    .         Reflect  .   (no cloak)
rCorr    .         Harm     .   (gloves unavailable)
MR       .....                  (boots unavailable)
Stlth    +++.......             (no amulet)
HPRegen  0.08/turn              (no ring)
MPRegen  0.13/turn              (no ring)

@: very quick
A: very small, unfitting armour, see invisible, herbivore, speed 3, slow
metabolism 2
a: no special abilities


You were on level 3 of the Dungeon.
You were not hungry.

You visited 1 branch of the dungeon, and saw 4 of its levels.

You collected 104 gold pieces.

Inventory:

Hand Weapons
 a - a +2 dagger (weapon)
Missiles
 d - 86 stones (quivered)
Armour
 b - a +1 robe (worn)
Jewellery
 c - a cursed ring of attention {unknown}
Potions
 g - a potion of heal wounds
 i - a potion of degeneration {unknown}
 j - a potion of curing {unknown}
 m - 2 potions of brilliance
 n - a potion of resistance {unknown}
 r - a potion of mutation {unknown}
Comestibles
 e - 6 rations


   Skills:
 - Level 1.1 Short Blades
 - Level 3.0 Dodging
 - Level 4.4 Stealth
 + Level 4.0 Spellcasting
 * Level 5.6 Hexes
 * Level 2.0 Ice Magic


You had 6 spell levels left.
You knew the following spells:

 Your Spells              Type           Power        Failure   Level  Hunger
a - Ensorcelled Hibernat  Hex/Ice        ###...       4%          2    ##.....
b - Corona                Hex            ###....      1%          1    None
c - Confuse               Hex            ###.....     4%          3    ###....

Your spell library contained the following spells:

 Spells                   Type           Power        Failure   Level  Hunger
 Tukima's Dance           Hex            ###.....     4%          3    ###....
 Dazzling Spray           Conj/Hex       ##....       14%         3    ###....


Dungeon Overview and Level Annotations

Branches:
Dungeon (4/15)             Temple (0/1) D:4

Altars:

Shops:
D:4 :

Annotations:
D:2 Terence
D:4 Pikel


Innate Abilities, Weirdness & Mutations

You are very small and have problems with some larger weapons.
You are too small for most types of armour.
You have supernaturally acute eyesight. (SInv)
You are a herbivore.
You cover ground extremely quickly.
You need to consume almost no food.


Message History

The ogre shouts!
The ogre resists with some effort.
Casting: Ensorcelled Hibernation (safe; 4% risk of failure)
Confirm with . or Enter, or press ? or * to list all spells.
Aiming: Ensorcelled Hibernation (safe; 4% risk of failure)
Press: ? - help, Shift-Dir - straight line, f/p - ogre
Aim: an ogre, wielding a +0 giant spiked club (chance to defeat MR: 47%)
The ogre resists with some effort.
Casting: Ensorcelled Hibernation (safe; 4% risk of failure)
Confirm with . or Enter, or press ? or * to list all spells.
Aiming: Ensorcelled Hibernation (safe; 4% risk of failure)
Press: ? - help, Shift-Dir - straight line, f/p - ogre
Aim: an ogre, wielding a +0 giant spiked club (chance to defeat MR: 47%)
The ogre looks drowsy...
The helpless ogre fails to defend itself.
You puncture the ogre!
The ogre is heavily wounded.
The ogre hits you with a +0 giant spiked club!!
Ouch! That really hurt!
You die...

,,,,,,,,,*#.###.# #####...#....
,**'#######.....###########.#.##.
,,,>.............^...............
'****######.###############.#.)..
,,,,,,,,,*#.# *####*****#.####.
,,,,,,,,,*#.# *...,,,,,,...,,,.
,,,,,,,,,*#.#####.###*****###****
,,,,,,,,,*#.##..)...####***,,,,,,
'*********#.##.#@.......,**,****,
,* #)...#.O......,',,****, ,*
###..#........,*,,,,,,,
,**********#...'........,*,***,,,
,,,,,,,,,,.....#.......[,*,**,,**
*********########'####'#**,,,,<*
*...,,,# *,**,*** *####***
*,*,,,,, *,**,***


You could see an ogre.

Vanquished Creatures
  A slave (D:3)
  A hound (D:3)
  Natasha (thrice) (D:3)
  2 adders (D:3)
  An ooze (D:1)
  3 worms (D:2)
  A ball python (D:3)
  3 giant cockroaches
  5 goblins
  5 hobgoblins
  A quokka (D:2)
  10 bats
  2 frilled lizards
  3 kobolds
  12 rats
53 creatures vanquished.

Notes
Turn   | Place    | Note
-------+----------+-------------------------------------------
     0 | D:1      | Gumption the Spriggan Enchanter began the quest for the
                  | Orb.
     0 | D:1      | Reached XP level 1. HP: 9/9 MP: 5/5
   242 | D:1      | Reached skill level 4 in Hexes
   670 | D:1      | Reached XP level 2. HP: 13/13 MP: 7/7
   680 | D:1      | Learned a level 2 spell: Ensorcelled Hibernation
  1755 | D:2      | Reached XP level 3. HP: 16/16 MP: 5/8
  1769 | D:2      | Learned a level 3 spell: Confuse
  2141 | D:2      | Noticed Terence
  3054 | D:3      | Reached skill level 1 in Ice Magic
  3171 | D:3      | Reached skill level 5 in Hexes
  3171 | D:3      | Reached XP level 4. HP: 21/21 MP: 10/10
  3873 | D:4      | Noticed an ogre
  3876 | D:4      | Noticed an ogre
  3990 | D:4      | Found Tuotinto's Book Shoppe.
  3990 | D:4      | Noticed Pikel
  3990 | D:4      | Noticed a slave
  3990 | D:4      | Noticed a slave
  3990 | D:4      | Noticed a slave
  3990 | D:4      | Noticed a slave
  3990 | D:4      | Noticed Natasha
  4174 | D:3      | Killed a slave
  4274 | D:3      | Killed Natasha
  4324 | D:3      | Noticed Natasha
  4331 | D:3      | Killed Natasha
  4331 | D:3      | Reached XP level 5. HP: 18/24 MP: 8/12
  4604 | D:3      | Noticed Natasha
  4611 | D:3      | Killed Natasha
  4712 | D:3      | HP: 1/24 [ogre/+0 giant spiked club (14)]
  5544 | D:3      | Slain by an ogre

Levels and vault maps discovered:
D:1:      mushboom_english_gardens, layout_basic, kennysheep_decorative_pillar,
          st_stairs_12
D:2:      minmay_evil_eye, layout_loops_corners, chequers_serial_rivers_room_a,
          uniq_terence
D:3:      layout_basic
D:4:      layout_cave_pods, temple_green, serial_shops, shop_fountains,
          uniq_pikel, uniq_natasha

Skill      XL: |  1  2  3  4  5 |
---------------+----------------+-----
Hexes          | 4 5 |  5.6
Spellcasting   | 3 4 |  4.0
Ice Magic      | 1 2 |  2.0
Short Blades   | |  1.1
Dodging        | |  3.0
Stealth        | |  4.4

Action                   |  1- 3 |  4- 6 || total
-------------------------+-------+-------++-------
Melee: Dagger            |    78 |    25 ||   103
Throw: Stone             |     4 |     2 ||     6
 Cast: Corona            |    11 |       ||    11
       Ensorcelled Hiber |    34 |    18 ||    52
       Confuse           |       |     4 ||     4
  Use: Scroll            |       |     9 ||     9
 Stab: Sleeping          |    32 |    11 ||    43
  Eat: Ration            |     1 |     1 ||     2
Armor: Robe              |    10 |     3 ||    13
Dodge: Dodged            |    64 |    18 ||    82
